 Dungeon Crawl Stone Soup version 0.22-a0-757-gdba82d8 (webtiles) character file.

148 Ghella the Cudgeler (level 5, -4/53 HPs)
             Began as a Troll Berserker on July 16, 2018.
             Was a Believer of Trog.
             Slain by a gnoll
             ... wielding a +0 halberd
              (12 damage)
             ... on level 2 of the Dungeon.
             The game lasted 00:06:40 (1852 turns).

Ghella the Cudgeler (Troll Berserker)               Turns: 1852, Time: 00:06:41

Health: -4/53      AC:  5    Str: 31    XL:     5   Next: 8%
Magic:  4/4        EV: 10    Int:  3    God:    Trog [**....]
Gold:   57         SH:  0    Dex:  9    Spells: 4/4 levels left

rFire    . . .     SeeInvis .   a - +0 mace
rCold    . . .     Gourm    +   (no shield)
rNeg     . . .     Faith    .   b - +0 animal skin
rPois    .         Spirit   .   (helmet restricted)
rElec    .         Reflect  .   (no cloak)
rCorr    .         Harm     .   (gloves unavailable)
MR       .....                  (boots unavailable)
Stlth    +.........             (no amulet)
HPRegen  0.57/turn              (no ring)
MPRegen  0.09/turn              (no ring)

@: mighty
A: large, unfitting armour, claws 3, fast metabolism 3, gourmand, regeneration
1, shaggy fur 1, tough skin 2
a: Berserk, Trog's Hand, Renounce Religion


You were on level 2 of the Dungeon.
You worshipped Trog.
Trog was pleased with you.
You were full.

You visited 1 branch of the dungeon, and saw 2 of its levels.

You collected 57 gold pieces.

Inventory:

Hand Weapons
 a - a +0 mace (weapon)
Armour
 b - a +0 animal skin (worn)
Jewellery
 f - a +2 ring of intelligence {unknown}
Scrolls
 d - a scroll of magic mapping {unknown}
 e - a scroll of teleportation {unknown}
 g - a scroll of enchant armour {unknown}
 h - 7 scrolls of identify {unknown}
Potions
 j - a potion of ambrosia {unknown}
Comestibles
 c - 3 rations


   Skills:
 + Level 3.1 Fighting
 + Level 4.0 Maces & Flails
 + Level 3.3 Dodging
 + Level 0.1 Stealth


You had 4 spell levels left.
You didn't know any spells.
Your spell library was empty.

Dungeon Overview and Level Annotations

Branches:
Dungeon (2/15)

Altars:
Makhleb
Wu Jian


Innate Abilities, Weirdness & Mutations

You are too large for most types of armour.
You have claws for hands.
Your metabolism is lightning-fast.
You like to eat raw meat.
Your natural rate of healing is unusually fast.
You are covered in fur. (AC +1)
You have very tough skin. (AC +2)


Message History

The gnoll hits you from afar with a spear.
The hobgoblin barely misses you.
You hit the gnoll.
The gnoll is severely wounded.
The gnoll closely misses you. The gnoll hits you but does no damage.
The hobgoblin closely misses you. The gnoll hits you.
You thump the gnoll!
You kill the gnoll!
Trog accepts your kill. The gnoll hits you but does no damage.
The hobgoblin hits you. The gnoll hits you with a spear!
* * * LOW HITPOINT WARNING * * *
The gnoll misses you.
It was a potion of might.
You feel very mighty all of a sudden. The gnoll hits you with a spear.
* * * LOW HITPOINT WARNING * * *
The hobgoblin hits you but does no damage.
The gnoll hits you from afar with a halberd!
You die...

#. ##### #.#
#...#
..#..#.#####
#.#........
#.....g.(..
#.# #.# #g#
#@# #g# #g#
##g# #..#
#.## #.#
####.#######.
#..[......gg.


You could see 3 gnolls and a hobgoblin.

Vanquished Creatures
  A hound (D:2)
  Robin (D:2)
  3 adders (D:2)
  A gnoll (D:2)
  2 oozes
  A leopard gecko (D:1)
  7 bats
  2 giant cockroaches (D:1)
  5 hobgoblins
  3 jackals (D:1)
  A ball python (D:2)
  9 frilled lizards
  14 goblins
  8 kobolds
  7 rats
65 creatures vanquished.

Notes
Turn   | Place    | Note
-------+----------+-------------------------------------------
     0 | D:1      | Ghella the Troll Berserker began the quest for the Orb.
     0 | D:1      | Reached XP level 1. HP: 22/22 MP: 0/0
   341 | D:1      | Reached skill level 3 in Maces & Flails
   341 | D:1      | Reached XP level 2. HP: 28/29 MP: 1/1
   715 | D:1      | Reached XP level 3. HP: 36/36 MP: 2/2
  1118 | D:2      | Found an ornate altar of the Wu Jian Council.
  1272 | D:2      | Noticed Robin
  1286 | D:2      | Reached ** piety under Trog
  1309 | D:2      | Reached XP level 4. HP: 21/44 MP: 3/3
  1330 | D:2      | Killed Robin
  1543 | D:2      | Reached skill level 4 in Maces & Flails
  1784 | D:2      | Found a burning altar of Makhleb.
  1793 | D:2      | Reached XP level 5. HP: 53/53 MP: 4/4
  1852 | D:2      | Slain by a gnoll

Vault maps used:
D:1:      dpeg_arrival_short_road
D:2:      overflow_temple_1_default, makhleb_heckhound_becter, first_ration,
          minmay_misc_feat_encased, corexii_leaking_fountain, uniq_robin

Skill      XL: |  1  2  3  4 |
---------------+-------------+-----
Maces & Flails | 3 4 |  4.0
Dodging        | 3 |  3.3
Fighting       | 3 |  3.1
Stealth        | |  0.1

Action                   |  1- 3 |  4- 6 || total
-------------------------+-------+-------++-------
Melee: Mace              |   170 |    76 ||   246
Invok: Berserk           |       |     1 ||     1
  Use: Potion            |       |     4 ||     4
  Eat: Chunk             |    11 |     7 ||    18
       Ration            |     1 |       ||     1
Armor: Animal skin       |   111 |    34 ||   145
Dodge: Dodged            |   135 |    58 ||   193

Table legend:
 A = Spawn XP
 B = Non-spawn XP
 C = Spawn XP percentage of total XP
 D = Spawn monster count
 E = Non-spawn monster count
 F = Spawn count percentage of total count
 G = Total turns spent on level
                    A         B        C        D         E        F      G
               +---------+---------+-------+---------+---------+-------+---------
         Total |       0 |     212 |   0.0 |       0 |      65 |   0.0 |  1852
               +---------+---------+-------+---------+---------+-------+---------
           D:1 |       0 |      51 |   0.0 |       0 |      30 |   0.0 |  1118
           D:2 |       0 |     161 |   0.0 |       0 |      35 |   0.0 |   734
               +---------+---------+-------+---------+---------+-------+---------
